 Dungeon Sprint DCSS version 0.31.0-32-g396128a36d (webtiles) character file.

Game seed: 10215455919526820177

478 BigDaddyOpFi the Spear-Bearer (level 7, -1/58 HPs)
             Began as a Merfolk Gladiator on Mar 12, 2024.
             Was an Initiate of Fedhas.
             Slain by a wraith (7 damage)
             ... in the Dungeon (Sprint IX: "|||||||||||||||||||||||||||||").
             The game lasted 00:02:32 (524 turns).

BigDaddyOpFi the Spear-Bearer (Merfolk Gladiator)    Turns: 524, Time: 00:02:33

Health: -1/58      AC: 12    Str: 16    XL:     7   Next: 11%
Magic:  8/11       EV: 12    Int: 11    God:    Fedhas [......]
Gold:   0          SH:  0    Dex: 18    Spells: 6/6 levels left

rFire   . . .        m - +4 quarterstaff (speed)
rCold   . . .        (shield currently unavailable)
rNeg    . . .        o - +1 chain mail
rPois   .            n - +0 helmet
rElec   .            (no cloak)
rCorr   .            p - +0 pair of gloves
SInv    .            (no boots)
Will    .....        (no amulet) Stlth
                     q - +3 ring of intelligence
HPRegen 0.29/turn    r - +3 ring of dexterity
MPRegen 0.12/turn

%: no teleportation
@: slowed, very slow
A: (nimble swimmer 2), mertail
a: Renounce Religion


You were in the Dungeon.
You worshipped Fedhas.
Fedhas was noncommittal.
You visited 1 branch

Inventory:

Hand Weapons
 a - a +0 trident
 m - a +4 quarterstaff of speed (weapon)
Armour
 b - a +0 leather armour
 c - a +0 helmet
 n - a +0 helmet (worn)
 o - a +1 chain mail (worn)
 p - a +0 pair of gloves (worn)
Jewellery
 q - a +3 ring of intelligence (left hand)
 r - a +3 ring of dexterity (right hand)
Wands
 l - a wand of roots (10)
Scrolls
 j - 2 scrolls of amnesia
 k - a scroll of blinking
Potions
 f - a potion of invisibility
 h - 2 potions of curing
 i - 4 potions of magic


   Skills:
 + Level 6.3 Fighting
 * Level 12.1 Polearms
 - Level 3.6 Throwing
 - Level 2.3 Armour
 + Level 10.2 Dodging
 * Level 6.4 Invocations


You had 6 spell levels left.
You didn't know any spells.
Your spell library was empty.

Dungeon Overview and Level Annotations

Branches:
Dungeon (1/1)

Altars:
Cheibriados
Dithmenos
Elyvilon
Fedhas
Gozag
Hepliaklqana
Kikubaaqudgha
Makhleb
Nemelex Xobeh
Okawaru
Qazlal
Ru
Sif Muna
Trog
Uskayaw
Vehumet
Wu Jian
Xom
Yredelemnul
Zin
The Shining One
Jiyva
Lugonu


Innate Abilities, Weirdness & Mutations

((You are very nimble when in or above water. (Stealth+, EV+, Speed+++)))
Your lower body shifts to a powerful aquatic tail in water.


Message History

Aim: a wraith (severely damaged, 63% to hit, immune to nets)
You throw a throwing net.
The throwing net closely misses the wraith.
The throwing net hits the yak.
The yak is caught in the net!
The yak struggles against the net.
Throw: 2 throwing nets
Press: ? - help, Q - select action, (/) - cycle Shift-Dir - straight line, f/p - wraith
Aim: a wraith (severely damaged, 63% to hit, immune to nets)
You throw a throwing net. The throwing net hits the wraith.
The net passes right through the wraith!
The wraith is severely damaged.
The yak struggles against the net. x2
The wraith closely misses you.
The yak struggles against the net.
Items here: ))))).
You hit the wraith but do no damage.
The wraith is severely damaged.
The wraith hits you but does no damage.
The yak struggles against the net.
Throw: throwing net
Press: ? - help, Q - select action, (/) - cycle Shift-Dir - straight line, f/p - wraith
Aim: a wraith (severely damaged, 63% to hit, immune to nets)
You throw a throwing net. The throwing net hits the wraith.
The net passes right through the wraith!
The wraith is severely damaged.
The yak struggles against the net.
The wraith hits you but does no damage.
Unknown command.
You hit the wraith.
The wraith is almost destroyed.
The yak struggles against the net.
The net rips apart, and the yak comes free!
The wraith barely misses you.
You hit the wraith.
The wraith is almost destroyed.
The wraith closely misses you. The wraith hits you.
* * * LOW HITPOINT WARNING * * *
Unknown command.
You closely miss the wraith.
The wraith is almost destroyed.
The wraith hits you!
You die...
Fedhas appreciates your contribution to the ecosystem.

▓_▓
▓_▓
▓_▓
▓_▓
▓_▓
▓'▓
▓.▓
▓.▓
▓@▓
▓W▓
▓.▓
▓(▓
▓Y▓
▓.▓
▓9▓
▓c▓
▓.▓


You could see a yak, a wraith, a gargoyle and a centaur.

Vanquished Creatures
  A troll (D)
  An acid dragon (D)
  A water moccasin (D)
  A howler monkey (D)
  An ufetubus (D)
  A ribbon worm (D)
  A dart slug (D)
  A hobgoblin (D)
  A kobold (D)
  2 ball pythons (D)
  A rat (D)
12 creatures vanquished.

Notes
Turn   | Place    | Note
-------+----------+-------------------------------------------
     0 | D        | BigDaddyOpFi the Merfolk Gladiator began the quest for the
                  | Orb.
     0 | D        | Reached XP level 1. HP: 16/16 MP: 1/1
    30 | D        | Noticed a howler monkey
    30 | D        | Noticed a water moccasin
    45 | D        | Killed a howler monkey
    46 | D        | Reached skill level 6 in Polearms
    46 | D        | Reached XP level 2. HP: 16/24 MP: 2/2
    46 | D        | Reached XP level 3. HP: 19/29 MP: 3/3
    78 | D        | Killed a water moccasin
    79 | D        | Reached skill level 9 in Polearms
    79 | D        | Reached XP level 4. HP: 13/38 MP: 4/4
    79 | D        | Reached XP level 5. HP: 15/43 MP: 5/5
    84 | D        | Found a snail-covered altar of Cheibriados.
    84 | D        | Found a shadowy altar of Dithmenos.
    84 | D        | Found a white marble altar of Elyvilon.
    84 | D        | Found a blossoming altar of Fedhas.
    84 | D        | Found an opulent altar of Gozag.
    85 | D        | Found a hazy altar of Hepliaklqana.
   392 | D        | Found a viscous altar of Jiyva.
   393 | D        | Found an ancient bone altar of Kikubaaqudgha.
   394 | D        | Found a corrupted altar of Lugonu.
   395 | D        | Found a burning altar of Makhleb.
   396 | D        | Found a sparkling altar of Nemelex Xobeh.
   397 | D        | Found an iron altar of Okawaru.
   398 | D        | Found a stormy altar of Qazlal.
   399 | D        | Found a sacrificial altar of Ru.
   400 | D        | Found a shimmering blue altar of Sif Muna.
   401 | D        | Found a bloodstained altar of Trog.
   402 | D        | Found a hide-covered altar of Uskayaw.
   403 | D        | Found a radiant altar of Vehumet.
   404 | D        | Found an ornate altar of the Wu Jian Council.
   405 | D        | Found a shimmering altar of Xom.
   415 | D        | Became a worshipper of Fedhas Madash
   425 | D        | Found a basalt altar of Yredelemnul.
   426 | D        | Found a glowing silver altar of Zin.
   427 | D        | Found a glowing golden altar of the Shining One.
   485 | D        | Noticed a troll
   485 | D        | Noticed an acid dragon
   485 | D        | Noticed a wraith
   485 | D        | Noticed a centaur
   485 | D        | Noticed a yak
   485 | D        | Noticed a gargoyle
   497 | D        | Killed a troll
   497 | D        | HP: 1/43 [acid dragon/splash of acid (21)]
   498 | D        | Reached skill level 5 in Fighting
   498 | D        | Reached skill level 11 in Polearms
   498 | D        | Reached skill level 5 in Invocations
   498 | D        | Reached XP level 6. HP: 1/52 MP: 5/10
   502 | D        | Killed an acid dragon
   503 | D        | Reached skill level 12 in Polearms
   503 | D        | Reached skill level 10 in Dodging
   503 | D        | Reached XP level 7. HP: 26/58 MP: 5/11
   524 | D        | Slain by a wraith

Illustrated notes

Levels and vault maps discovered:
D:        linesprint [early_d, line_temple, items_1, d_10, items_2, lair_1,
          lair_end, items_3, orc_1, orc_end, items_4, d_15, swamp_1, shoals_1,
          snake_1, spider_1, d_20, vaults_1, items_5, swamp_end, shoals_end,
          snake_end, spider_end, vaults_end, d_27, items_6, zot_1, zot_end,
          crypt_end, forest_end, elf_end, slime_end, tomb_end, abyss_end,
          pan_hell_end]

Skill      XL: |  1  2  3  4  5  6 |
---------------+-------------------+-----
Fighting       | 3 4 5 6 |  6.3
Polearms       | 6 9 11 12 | 12.1
Throwing       | 3 |  3.6
Dodging        | 6 8 9 10 | 10.2
Armour         | 2 |  2.3
Invocations    | 5 6 |  6.4

Action                     |  1- 3 |  4- 6 |  7- 9 || total
---------------------------+-------+-------+-------++-------
  Melee: Trident           |    53 |     1 |       ||    54
         Punch             |     1 |       |       ||     1
         Quarterstaff      |       |    14 |    14 ||    28
  Throw: Throwing net      |       |       |     3 ||     3
         Javelin           |       |       |     1 ||     1
    Use: Potion            |     3 |     3 |     2 ||     8
         Scroll            |       |       |     1 ||     1
 Armour: Leather armour    |    22 |       |       ||    22
         Chain mail        |       |    22 |    13 ||    35
  Dodge: Dodged            |    22 |    10 |     7 ||    39
